 Dungeon Crawl Stone Soup version 0.30-a0-726-gd89dcf765f (webtiles) character file.

Game seed: 17239825810007887486

551 hikkokomori the Poker (level 7, 0/55 HPs)
             Began as a Merfolk Gladiator on Jan 30, 2023.
             Slain by Edmund
             ... wielding a +2 dire flail of protection
              (5 damage)
             ... on level 5 of the Dungeon.
             The game lasted 00:05:44 (3233 turns).

hikkokomori the Poker (Merfolk Gladiator)           Turns: 3233, Time: 00:05:44

Health: 0/55       AC: 10    Str: 15    XL:     7   Next: 29%
Magic:  9/9        EV: 15    Int:  7    God:
Gold:   269        SH:  0    Dex: 17    Spells: 8/8 levels left

rFire   . . .      SeeInvis .    a - +1 trident
rCold   . . .      Faith    .    (no shield)
rNeg    . . .      Spirit   .    b - +0 leather armour
rPois   +          Reflect  .    c - +0 helmet
rElec   .          Harm     .    (no cloak)
rCorr   .          Rampage  .    l - +0 pair of gloves
Will    .....                    C - +0 pair of boots
Stlth   +                        u - amulet of magic regeneration
HPRegen 0.29/turn                i - +4 ring of protection
MPRegen 0.51/turn                F - ring of poison resistance

@: invisible
A: (nimble swimmer 2), mertail
a: no special abilities


You were on level 5 of the Dungeon.
You visited 1 branch of the dungeon, and saw 5 of its levels.

You collected 269 gold pieces.

Inventory:

Hand Weapons
 a - a +1 trident (weapon)
Missiles
 d - 3 throwing nets (quivered)
 e - 5 javelins
Armour
 b - a +0 leather armour (worn)
 c - a +0 helmet (worn)
 l - a +0 pair of gloves (worn)
 x - a scarf of invisibility
 C - a +0 pair of boots (worn)
 H - a +2 pair of gloves
Jewellery
 i - a +4 ring of protection (left hand)
 u - an amulet of magic regeneration (around neck)
 F - a ring of poison resistance (right hand)
Wands
 r - a wand of polymorph (5)
 s - a wand of iceblast (3)
Scrolls
 f - a scroll of immolation
 g - 2 scrolls of enchant weapon
 k - 4 scrolls of identify
 o - a scroll of teleportation {unknown}
 t - 2 scrolls of vulnerability
 v - a scroll of summoning {unknown}
 y - a scroll of fear {unknown}
 D - a scroll of fog {unknown}
 E - a scroll of magic mapping
Potions
 h - 2 potions of heal wounds
 j - a potion of invisibility
 m - a potion of resistance {unknown}
 n - 5 potions of curing {unknown}
 p - 2 potions of magic {unknown}
 q - a potion of might {unknown}
 w - a potion of brilliance {unknown}
 z - a potion of lignification {unknown}
 A - a potion of ambrosia {unknown}
 B - a potion of flight {unknown}
 G - a potion of degeneration {unknown}


   Skills:
 + Level 4.5 Fighting
 + Level 6.4 Polearms
 - Level 3.7 Throwing
 + Level 6.3 Dodging
 + Level 1.3 Spellcasting


You had 8 spell levels left.
You didn't know any spells.
Your spell library contained the following spells:

 Spells                   Type           Power      Damage    Failure   Level
 Summon Small Mammal      Summ           0%         N/A       45%         1
 Call Canine Familiar     Summ           0%         N/A       83%         3
 Summon Guardian Golem    Hex/Summ       0%         N/A       83%         3


Dungeon Overview and Level Annotations

Branches:
Dungeon (5/15)
 Temple: D:4-7

Altars:
Gozag
Qazlal
Uskayaw

Shops:
D:2 :   D:3 (

Annotations:
D:5 Edmund


Innate Abilities, Weirdness & Mutations

((You are very nimble when in or above water. (Stealth+, EV+, Speed+++)))
Your lower body shifts to a powerful aquatic tail in water.


Message History

You catch the helpless quokka completely off-guard!
You hit the quokka.
The quokka is lightly wounded.
The quokka misses you.
You hit the quokka.
The quokka is moderately wounded.
The quokka misses you.
You hit the quokka but do no damage.
The quokka is moderately wounded.
The quokka closely misses you.
You closely miss the quokka.
The quokka is lightly wounded.
The quokka closely misses you.
You puncture the quokka!
You kill the quokka!
Edmund says, "What use are spells, anyway?"
You barely miss the quokka.
The quokka bites you but does no damage.
A quokka comes into view.
You hit the quokka but do no damage. The quokka barely misses you.
You catch the helpless quokka completely off-guard!
You puncture the quokka!
You kill the quokka!
You puncture the quokka!
You kill the quokka!
You hit Edmund but do no damage.
Edmund is severely wounded.
Edmund misses you.
You hit Edmund but do no damage.
Edmund is severely wounded.
Edmund hits you with a +2 dire flail of protection!
* * * LOW HITPOINT WARNING * * *
You barely miss Edmund.
Edmund is severely wounded.
You hear the slow rusting of a drain very nearby.
Edmund closely misses you.
You puncture Edmund!
Edmund is almost dead.
Edmund hits you with a +2 dire flail of protection.
You die...

**,,,,*,****#..........######,*##
,,,,*,,,#####..)........#....,*..
,,,,**,,..................#**##..
,,,,**,*####..)..........## #<..
,,,,,*,**###.).........#.<####.#.
***,,,*,,#..................##.#.
*~~~*,,#.#####.######...#.#..#.
*~~~**..,****#@# *#.#..(.....
*~~~**#,,,,,*#@#* #..##..#.#..
*~~~*,,,,,*,,#r.#**#.####<..#.#
*~∩~*,,*,,,,,.....,./* *#.###.#
*~~~**,,,,,,........#* #...*#.#
*~~~*****,,.###.#...#**#.#.##..
*~~~* **..,,,.......,..*....#
*~~~* #.****..,.......*#....
**,,,** #,,,*,.###...,,,,,,.#.
*,,,,,* ****,,,,,,,,,,,,,,,,*,,


You could see Edmund (unable to see you) and a quokka (wandering, unable to see
you).

Vanquished Creatures
  Menkaure (D:4)
  An ice beast (D:5)
  An ogre (D:5)
  Natasha (thrice) (D:3)
  An iguana (D:4)
  2 adders
  4 gnolls (D:5)
  A worm (D:2)
  3 dart slugs
  7 endoplasms
  A giant cockroach (D:1)
  4 goblins
  7 hobgoblins
  18 jackals
  5 quokkas
  6 ball pythons
  4 bats
  4 frilled lizards
  7 kobolds
  5 rats
85 creatures vanquished.

Notes
Turn   | Place    | Note
-------+----------+-------------------------------------------
     0 | D:1      | hikkokomori the Merfolk Gladiator began the quest for the
                  | Orb.
     0 | D:1      | Reached XP level 1. HP: 16/16 MP: 1/1
    72 | D:1      | Reached XP level 2. HP: 23/23 MP: 2/2
   283 | D:1      | Reached XP level 3. HP: 28/28 MP: 3/3
  1020 | D:2      | Found Osub's Book Shoppe.
  1069 | D:2      | Reached XP level 4. HP: 34/34 MP: 4/4
  1609 | D:3      | Found Masis's Antique Weapon Shop.
  1669 | D:3      | Found an opulent altar of Gozag.
  1745 | D:3      | Found a hide-covered altar of Uskayaw.
  1848 | D:3      | Noticed Natasha
  1855 | D:3      | Killed Natasha
  1856 | D:3      | Reached skill level 5 in Polearms
  1881 | D:3      | Noticed Natasha
  1884 | D:3      | Killed Natasha
  1885 | D:3      | Reached skill level 5 in Dodging
  1885 | D:3      | Reached XP level 5. HP: 36/41 MP: 5/5
  2204 | D:3      | Noticed Natasha
  2216 | D:3      | Killed Natasha
  2403 | D:4      | Found a stormy altar of Qazlal.
  2586 | D:4      | Noticed Menkaure
  2603 | D:4      | Killed Menkaure
  2604 | D:4      | Reached XP level 6. HP: 40/48 MP: 6/6
  3131 | D:5      | Entered Level 5 of the Dungeon
  3150 | D:5      | Noticed an ice beast
  3169 | D:5      | Killed an ice beast
  3178 | D:5      | Reached skill level 1 in Spellcasting
  3178 | D:5      | Reached XP level 7. HP: 48/55 MP: 8/8
  3188 | D:5      | Noticed Edmund
  3233 | D:5      | Slain by Edmund

Illustrated notes

Levels and vault maps discovered:
D:1:      heliophobic_arrival_dark_side_of_the_moon, layout_rooms,
          roderic_lattice_a
D:2:      layout_basic, serial_shops, nicolae_diamond_shop
D:3:      layout_basic, mainiacjoe_overflow_24_doors,
          mainiacjoe_overflow_chevrons, serial_shops,
          nicolae_shop_advertising_works [nicolae_subvault_shop_adworks],
          minmay_misc_feat_columns, uniq_natasha
D:4:      layout_basic, nicolae_qazlal_scattered_showers, uniq_menkaure
D:5:      layout_rooms, portal_sewer_entry_f, minivault_11, minmay_holes,
          uniq_edmund

Skill      XL: |  1  2  3  4  5  6 |
---------------+-------------------+-----
Fighting       | 3 4 |  4.5
Polearms       | 5 6 |  6.4
Throwing       | 3 |  3.7
Dodging        | 5 6 |  6.3
Spellcasting   | 1 |  1.3

Action                     |  1- 3 |  4- 6 |  7- 9 || total
---------------------------+-------+-------+-------++-------
  Melee: Trident           |   138 |   122 |    44 ||   304
         Punch             |     2 |     1 |       ||     3
  Evoke: Wand              |       |       |     3 ||     3
    Use: Scroll            |       |     6 |       ||     6
         Potion            |       |       |     2 ||     2
   Stab: Sleeping          |       |     2 |       ||     2
         Invisible         |       |       |     2 ||     2
 Armour: Leather armour    |    65 |    25 |    12 ||   102
  Dodge: Dodged            |   123 |    54 |    34 ||   211

Table legend: (Time is in decaauts)
 A = Elapsed time spent in this place.
 B = Non-inter-level travel time spent in this place.
 C = Inter-level travel time spent in this place.
 D = Time resting spent in this place.
 E = Time spent auto-exploring this place.
 F = Levels seen in this place.
 G = Mean time per level.
                   A        B        C        D        E       F      G
               +--------+--------+--------+--------+--------+-----+--------+
         Total |   3245 |   3129 |    116 |      4 |   2503 |   5 |  649.0 |
       Dungeon |   3245 |   3129 |    116 |      4 |   2503 |   5 |  649.0 |
               +--------+--------+--------+--------+--------+-----+--------+

Top non-repeatable levels by time:
     D:1: 901 daAuts
     D:4: 800 daAuts
     D:3: 729 daAuts
     D:2: 713 daAuts
     D:5: 100 daAuts
